 Dungeon Crawl Stone Soup version 0.22-a0-407-gb098539405 (webtiles) character file.

1831 Banto the Sneak (level 9, 0/51 HPs)
             Began as an Octopode Earth Elementalist on May 9, 2018.
             Was an Initiate of Sif Muna.
             Slain by a wraith (15 damage)
             ... in an ossuary.
             The game lasted 00:09:08 (6809 turns).

Banto the Sneak (Octopode Earth Elementalist)       Turns: 6809, Time: 00:09:08

Health: 0/51       AC:  1    Str:  7    XL:     9   Next: 11%
Magic:  11/18      EV: 13    Int: 24    God:    Sif Muna [......]
Gold:   367        SH:  2    Dex: 12    Spells: 7/20 levels left

rFire    . . .     SeeInvis .   u - +0 dagger (venom)
rCold    . . .     Gourm    .   (no shield)
rNeg     . . .     Faith    .   (helmet restricted)
rPois    .         Spirit   .   a - +2 amulet of reflection
rElec    .         Reflect  +   h - +3 ring of intelligence
rCorr    +         Harm     .   m - ring of resist corrosion
MR       .....                  (no ring)
Stlth    +++++.....             (no ring)
HPRegen  0.17/turn              (no ring)
MPRegen  0.16/turn              (no ring)
                                (no ring)
                                (no ring)

@: slowed, very slow
A: almost no armour, stealthy swim, amphibious, 8 rings, constrict 8, camouflage
1, gelatinous body 1
a: Renounce Religion


You were in an ossuary.
You worshipped Sif Muna.
Sif Muna was noncommittal.
You were not hungry.

You visited 2 branches of the dungeon, and saw 8 of its levels.
You also visited: Ossuary.

You collected 367 gold pieces.

Inventory:

Hand Weapons
 t - a +0 dagger of protection
 u - a +0 dagger of venom (weapon)
Missiles
 b - 61 stones (quivered)
Jewellery
 a - a +2 amulet of reflection (around mantle)
 h - a +3 ring of intelligence (left tentacle)
 m - a ring of resist corrosion (right tentacle)
Wands
 i - a wand of digging (8)
 y - a wand of enslavement (10)
Scrolls
 e - 3 scrolls of blinking
 j - a scroll of fear
 l - a scroll of amnesia
 p - 2 scrolls of magic mapping
 r - 4 scrolls of teleportation
 s - 5 scrolls of remove curse
 A - a scroll of noise {unknown}
Potions
 d - 4 potions of flight
 f - a potion of invisibility
 g - 5 potions of curing
 k - a potion of resistance
 n - a potion of brilliance
 o - 2 potions of heal wounds
 q - a potion of ambrosia
 v - a potion of berserk rage {unknown}
 w - a potion of haste
 x - a potion of cancellation {unknown}
 z - a potion of degeneration {unknown}
Comestibles
 c - 14 rations


   Skills:
 + Level 0.0 Short Blades
 - Level 2.0 Dodging
 - Level 7.9 Stealth
 - Level 6.0 Spellcasting
 + Level 1.0 Hexes
 - Level 6.0 Transmutations
 - Level 6.0 Earth Magic


You had 7 spell levels left.
You knew the following spells:

 Your Spells              Type           Power        Failure   Level  Hunger
a - Sandblast             Erth           #####.       1%          1    None
b - Passwall              Tmut/Erth      #####.....   1%          2    None
c - Stone Arrow           Conj/Erth      ###...       7%          3    #......
d - Petrify               Tmut/Erth      #####...     7%          4    ###....
e - Confuse               Hex            ##......     16%         3    #......


Dungeon Overview and Level Annotations

Branches:
Dungeon (7/15)             Temple (1/1) D:6

Altars:
Ashenzari
Cheibriados
Dithmenos
Elyvilon
Fedhas
Hepliaklqana
Makhleb
Nemelex Xobeh
Okawaru
Qazlal
Ru
Sif Muna
Trog
Uskayaw
Wu Jian
Xom
Yredelemnul
Zin
The Shining One

Annotations:
D:7 exclusions: hippogriff and troll


Innate Abilities, Weirdness & Mutations

You cannot wear most types of armour.
You are very stealthy in the water. (Stealth+)
You are amphibious.
You can wear up to eight rings at the same time.
You can use your tentacles to constrict eight enemies at once.
Your skin changes colour to match your surroundings (Stealth+).
Your rubbery body absorbs attacks. (AC +1, EV +1)


Message History

Aim: a wraith (lightly damaged)
The blast of sand misses the wraith.
b - 62 stones The wraith hits you.
The wraith drains your vigour!
You feel as though you will be slow longer.
You take 6 damage, and have 26/51 hp.
You now have 12/18 mp.
Casting: Sandblast (safe; 1% risk of failure)
Confirm with . or Enter, or press ? or * to list all spells.
Aiming: Sandblast (safe; 1% risk of failure)
Press: ? - help, Shift-Dir - straight line, f/p - wraith
Aim: a wraith (lightly damaged)
The blast of sand hits the wraith.
The wraith is moderately damaged.
b - 61 stones The wraith hits you!
* * * LOW HITPOINT WARNING * * *
The wraith drains your vigour!
You feel as though you will be slow longer.
The wraith hits you!
You die...

#.............#
#.....# #.#
#.....# #.#
.###.....###.#
#.............#
#.............#
#.###.###.###.#
# #.#z#.#W#.#
#.+##.###.##@.#
#.............#
######'#######
#.# ###.###
#W▓.▓z# ###.###
#.# #'#


You could see a wraith.

Vanquished Creatures
  Prince Ribbit (D:5)
  A water moccasin (D:4)
  2 ogres
  The ghost of brujo666 the Bolt Thrower, an amateur DsHu (D:3)
  A centaur (D:6)
  A bullfrog (D:6)
  4 scorpions (D:4)
  6 wights
  A crimson imp (D:6)
  3 hounds
  An orc priest (D:3)
  5 orc wizards
  2 iguanas
  3 worker ants
  A hound skeleton (D:6)
  A worker ant zombie (D:5)
  14 adders
  A shadow imp (D:5)
  An ooze (D:3)
  An adder skeleton (D:4)
  5 worms
  3 dart slugs
  3 leopard geckos
  20 orcs
  A ball python (D:4)
  2 bats
  10 giant cockroaches
  6 goblins
  6 hobgoblins
  2 jackals (D:5)
  5 quokkas
  2 ball python skeletons (Ossuary)
  2 frilled lizards
  A hobgoblin skeleton (Ossuary)
  7 kobolds
  2 kobold zombies (Ossuary)
  An orc zombie (Ossuary)
  2 quokka skeletons
  3 rats (D:1)
134 creatures vanquished.

Vanquished Creatures (others)
  5 toadstools (D:1)
5 creatures vanquished.

Grand Total: 139 creatures vanquished

Notes
Turn   | Place    | Note
-------+----------+-------------------------------------------
     0 | D:1      | Banto the Octopode Earth Elementalist began the quest for the Orb.
     0 | D:1      | Reached XP level 1. HP: 11/11 MP: 3/3
   200 | D:1      | Reached skill level 3 in Stealth
   215 | D:1      | Reached XP level 2. HP: 2/17 MP: 1/5
   883 | D:2      | Found a shadowy altar of Dithmenos.
   926 | D:2      | Reached XP level 3. HP: 21/21 MP: 4/6
   931 | D:2      | Reached skill level 4 in Stealth
   964 | D:2      | Learned a level 2 spell: Passwall
   968 | D:2      | Learned a level 3 spell: Stone Arrow
  1413 | D:2      | Reached XP level 4. HP: 14/27 MP: 4/7
  1548 | D:2      | Found a sacrificial altar of Ru.
  1732 | D:3      | Reached skill level 5 in Stealth
  2044 | D:3      | Noticed brujo666's ghost (amateur DsHu)
  2084 | D:3      | Killed brujo666's ghost
  2084 | D:3      | Reached skill level 6 in Stealth
  2084 | D:3      | Reached XP level 5. HP: 26/31 MP: 0/8
  2302 | D:3      | Found an iron altar of Okawaru.
  2312 | D:3      | Found a glowing golden altar of the Shining One.
  2591 | D:3      | Found a burning altar of Makhleb.
  2604 | D:3      | Reached skill level 5 in Earth Magic
  2623 | D:3      | Reached XP level 6. HP: 26/36 MP: 4/9
  2950 | D:3      | Reached skill level 7 in Stealth
  3212 | D:4      | Reached XP level 7. HP: 30/41 MP: 10/10
  3230 | D:4      | Found a blossoming altar of Fedhas.
  3485 | D:4      | Learned a level 4 spell: Petrify
  4352 | D:5      | Entered Level 5 of the Dungeon
  4663 | D:5      | Reached XP level 8. HP: 37/46 MP: 13/13
  4923 | D:5      | Noticed Prince Ribbit
  4926 | D:5      | Killed Prince Ribbit
  5088 | D:5      | Found a hazy altar of Hepliaklqana.
  5093 | D:5      | Learned a level 3 spell: Confuse
  5618 | D:6      | Found a staircase to the Ecumenical Temple.
  5820 | D:6      | Reached skill level 5 in Spellcasting
  5820 | D:6      | Reached skill level 5 in Transmutations
  6051 | Temple   | Entered the Ecumenical Temple
  6263 | Temple   | Became a worshipper of Sif Muna the Loreminder
  6599 | D:7      | Noticed a troll
  6599 | D:7      | Noticed a hippogriff
  6625 | D:7      | Reached XP level 9. HP: 51/51 MP: 14/17
  6660 | D:7      | Found a sand-covered staircase.
  6665 | Ossuary  | Entered an ossuary
  6740 | Ossuary  | Reached skill level 1 in Hexes
  6809 | Ossuary  | Slain by a wraith

Vault maps used:
D:1:      ldierk_walled_garden, minmay_split_cup_large
D:2:      lemuel_doored_altar, grunt_dithmenos_smoke_and_mirrors
D:3:      amethyst_overflow_temple_binary, bloody_makhleb
D:4:      fedhas_altar_2
D:5:      nicolae_overflow_hidden_temple, first_ration, uniq_prince_ribbit1
D:6:      minmay_temple_entry_statues_fountains
D:7:      enter_ossuary_5, uniq_duvessa
Temple:   dshaligram_water_room_temple
Ossuary:  ossuary_due_cavern

Skill      XL: |  1  2  3  4  5  6  7  8  9 |
---------------+----------------------------+-----
Stealth        | 3 4 6 7 |  7.9
Earth Magic    | 4 5 6 |  6.0
Transmutations | 3 5 6 |  6.0
Spellcasting   | 3 5 6 |  6.0
Hexes          | 1 |  1.0
Dodging        | |  2.0

Action                   |  1- 3 |  4- 6 |  7- 9 || total
-------------------------+-------+-------+-------++-------
Melee: Unarmed           |    17 |       |       ||    17
       Constrict         |    11 |    26 |    37 ||    74
       Whip              |    25 |    82 |   107 ||   214
       Tentacles         |     2 |    12 |    20 ||    34
       Dagger            |       |       |    20 ||    20
 Cast: Sandblast         |    12 |    24 |    50 ||    86
       Stone Arrow       |       |     1 |       ||     1
  Use: Scroll            |     7 |     4 |     4 ||    15
 Stab: Sleeping          |     5 |    14 |    25 ||    44
  Eat: Chunk             |     1 |     6 |    12 ||    19
Armor: Skin              |     2 |     4 |     5 ||    11
Dodge: Dodged            |    37 |    51 |    77 ||   165
Block: Other             |     1 |     3 |     9 ||    13
       Reflection        |       |       |     1 ||     1

Table legend:
 A = Spawn XP
 B = Non-spawn XP
 C = Spawn XP percentage of total XP
 D = Spawn monster count
 E = Non-spawn monster count
 F = Spawn count percentage of total count
 G = Total turns spent on level
                    A         B        C        D         E        F      G
               +---------+---------+-------+---------+---------+-------+---------
         Total |       0 |    2617 |   0.0 |       0 |     134 |   0.0 |  6809
               +---------+---------+-------+---------+---------+-------+---------
           D:1 |       0 |      19 |   0.0 |       0 |      11 |   0.0 |   823
           D:2 |       0 |      79 |   0.0 |       0 |      15 |   0.0 |   877
           D:3 |       0 |     370 |   0.0 |       0 |      38 |   0.0 |  1490
           D:4 |       0 |     680 |   0.0 |       0 |      23 |   0.0 |  1162
           D:5 |       0 |     433 |   0.0 |       0 |      16 |   0.0 |  1391
           D:6 |       0 |     644 |   0.0 |       0 |      17 |   0.0 |   613
           D:7 |       0 |     213 |   0.0 |       0 |       5 |   0.0 |    80
       Ossuary |       0 |     179 |   0.0 |       0 |       9 |   0.0 |   144
               +---------+---------+-------+---------+---------+-------+---------

Table legend:
 A = Turns spent in this place as a percentage of turns spent in the entire game.
 B = Non-inter-level travel turns spent in this place as a percentage of non-inter-level travel turns spent in the entire game.
 C = Inter-level travel turns spent in this place as a percentage of turns spent in this place.
 D = Turns resting spent in this place as a percentage of non-inter-level travel turns spent in this place.
 E = Turns spent auto-exploring this place as a percentage of non-inter-level travel turns spent in this place.
 F = Non-inter-level travel turns spent in this place divided by the number of levels of this place that you've seen.
                   A       B       C       D       E      F
               +-------+-------+-------+-------+-------+----------------------
         Total | 100.0 | 100.0 |   3.5 |  35.6 |  45.1 | 730.4
       Dungeon |  94.5 |  94.7 |   3.3 |  35.4 |  45.4 | 889.3
        Temple |   3.4 |   3.1 |  10.5 |  65.4 |  33.2 | 205.0
       Ossuary |   2.1 |   2.2 |   0.0 |   0.0 |  50.7 | 144.0
               +-------+-------+-------+-------+-------+----------------------

Table legend:
 A = Kills in this place as a percentage of kills in entire the game.
 B = Kills by you in this place as a percentage of kills by you in the entire game.
 C = Kills by friends in this place as a percentage of kills by friends in the entire game.
 D = Other kills in this place as a percentage of other kills in the entire game.
 E = Experience gained in this place as a percentage of experience gained in the entire game.
 F = Experience gained in this place divided by the number of levels of this place that you have seen.
                   A       B       C       D       E      F
               +-------+-------+-------+-------+-------+----------------------
         Total | 100.0 | 100.0 |   N/A |   N/A | 100.0 | 290.8
       Dungeon |  93.3 |  93.3 |   N/A |   N/A |  93.2 | 348.3
       Ossuary |   6.7 |   6.7 |   N/A |   N/A |   6.8 | 179.0
               +-------+-------+-------+-------+-------+----------------------
